 Dungeon Crawl Stone Soup version 0.30-b1-2-g02819fbbbe (webtiles) character file.

Game seed: 576583481452313414

37521 LLlMATKO the Cleaver (level 13, -11/183 HPs)
             Began as a Minotaur Berserker on Aug 28, 2023.
             Was a High Priest of Trog.
             Killed from afar by an oklob plant (32 damage)
             ... with a splash of acid
             ... on level 4 of the Lair of Beasts.
             The game lasted 00:14:56 (17550 turns).

LLlMATKO the Cleaver (Minotaur Berserker)          Turns: 17550, Time: 00:14:56

Health: -11/183    AC:  3    Str: 26    XL:     13   Next: 58%
Magic:  0/12       EV: 11    Int:  4    God:    Trog [*****.]
Gold:   1795       SH: 11    Dex: 11    Spells: 12/12 levels left

rFire   . . .        R - +1 hand axe (heavy)
rCold   . . .        q - +0 kite shield
rNeg    . . .        C - +1 plate armour
rPois   .            y - +1 hat of the Sparrow {Slay+5}
rElec   .            E - +2 cloak
rCorr   .            z - +0 pair of gloves
SInv    .            (no boots)
Will    .....        A - amulet of guardian spirit Stlth
                     (no ring)
HPRegen 0.50/turn    (no ring)
MPRegen 0.13/turn

%: guardian spirit
@: berserking, corroded, very quick
A: horns 2, retaliatory headbutt
a: Renounce Religion, Berserk, Trog's Hand, Brothers in Arms


You were on level 4 of the Lair of Beasts.
You worshipped Trog.
Trog was extremely pleased with you.
You visited 2 branches of the dungeon, and saw 17 of its levels.
You also visited: Sewer.

You collected 1795 gold pieces.

Inventory:

Hand Weapons
 p - a +1 war axe
 J - the +5 battleaxe "Uqinly" {flame, rElec Dex+3}
   (Trog gifted it to you on level 8 of the Dungeon)

   Dex:       It affects your dexterity (+3).
   rElec:     It insulates you from electricity.
 L - a +0 war axe
 R - a +1 heavy hand axe (weapon)
 V - a +4 broad axe
Missiles
 h - 35 poisoned darts (quivered)
 x - 5 curare-tipped darts
 S - 2 throwing nets
Armour
 q - a +0 kite shield (worn)
 y - the +1 hat of the Sparrow (worn) {Slay+5}
   (You acquired it on level 11 of the Dungeon)

   Slay:      It affects your accuracy & damage with ranged weapons and melee
   (+5).
 z - a +0 pair of gloves (worn)
 C - a +1 plate armour (worn)
 E - a +2 cloak (worn)
 F - a +1 chain mail of willpower
Jewellery
 a - a ring of ice
 A - an amulet of guardian spirit (around neck)
 O - an amulet of regeneration
 Q - a ring of fire
 T - a ring of ice
Wands
 b - a wand of flame (14)
 i - a wand of light (4)
 l - a wand of mindburst (17)
 I - a wand of iceblast (28)
 N - a wand of polymorph (5)
Scrolls
 j - a scroll of butterflies
 n - 20 scrolls of identify
 s - 4 scrolls of fog
 t - 2 scrolls of vulnerability
 u - 6 scrolls of teleportation
 w - a scroll of blinking
 B - a scroll of magic mapping
 K - 4 scrolls of fear
 U - 2 scrolls of noise {unknown}
Potions
 c - 6 potions of haste {unknown}
 d - 4 potions of curing
 e - 3 potions of brilliance
 f - 3 potions of berserk rage {unknown}
 g - 6 potions of magic {unknown}
 k - 5 potions of might {unknown}
 m - 5 potions of degeneration {unknown}
 o - a potion of flight {unknown}
 r - 7 potions of heal wounds {unknown}
 v - 4 potions of attraction {unknown}
 D - 3 potions of cancellation {unknown}
 G - 3 potions of lignification {unknown}
 H - 3 potions of mutation {unknown}
 M - a potion of resistance {unknown}
 P - a potion of invisibility {unknown}


   Skills:
 + Level 13.5 Fighting
 + Level 13.5 Axes
 + Level 13.2 Armour
 + Level 12.2 Dodging
 + Level 11.4 Shields


You had 12 spell levels left.
You didn't know any spells.
Your spell library was empty.

Dungeon Overview and Level Annotations

Branches:
Dungeon (13/15)            Temple (0/1) D:5            Lair (4/5) D:8
  Swamp (0/4) Lair:3        Snake (0/4) Lair:3        Slime (0/5) Lair:4
    Orc (0/2) D:9           Sewer (visited)
 Vaults: D:13-14

Altars:
Cheibriados
Fedhas
Kikubaaqudgha
Makhleb
Nemelex Xobeh
Sif Muna
Yredelemnul
Zin
The Shining One
Jiyva

Shops:
D:3 *   D:8 *   D:12 !

Annotations:
D:6 3 runed translucent doors, Sapher's ghost, weakling SpDe
D:9 2 transporters, Sapher's ghost, weakling SpDe
D:11 3 runed translucent doors, enotiy's ghost, journeyman GrFi
Lair:4 exclusion: 3 oklob plants


Innate Abilities, Weirdness & Mutations

You have a pair of horns on your head.
You reflexively headbutt those who attack you in melee.


Message History

Found a staircase to the Slime Pits.
The oklob plant spits acid at you. The splash of acid hits you.
The acid corrodes you! 2 oklob plants come into view.
The oklob plant spits acid at you. The splash of acid hits you!
The acid corrodes you!
Marking area around 2 oklob plants as unsafe for travelling.
The oklob plant spits acid at you. The splash of acid hits you!
The acid corrodes you! The oklob plant spits acid at you.
The splash of acid hits you!
Found 6 gold pieces.
The oklob plant spits acid at you. The splash of acid hits you!!
The oklob plant spits acid at you. You block the splash of acid.
The oklob plant spits acid at you. The splash of acid hits you!
The acid corrodes you!
A red film seems to cover your vision as you go berserk!
You feel yourself moving faster!
You feel mighty! The oklob plant spits acid at you.
The splash of acid hits you!!
* * * LOW HITPOINT WARNING * * *
The acid corrodes you!
You slash the oklob plant!
You headbutt the oklob plant, but do no damage.
The oklob plant is moderately damaged.
You hit the oklob plant but do no damage.
Unknown command.
You hit the oklob plant but do no damage.
You headbutt the oklob plant, but do no damage.
The oklob plant is moderately damaged.
You hit the oklob plant. The oklob plant spits acid at you.
The splash of acid hits you!!
* * * LOW HITPOINT WARNING * * *
The acid corrodes you! The oklob plant spits acid at you.
The splash of acid hits you!!
You die...

##.. ##.#####...#
#.....####..........#
#.....# .............
#....# #..........#
##....# ##...........
###.....###............
##..........#..........#
......P.........#.......
.....P>@.........#######
.......P........##
................#
................##
.................#
.$..............##
#####...........##
#.P...#......####
#.......###P####


You could see 3 oklob plants.

Vanquished Creatures
  Snorg (D:12)
  Fannar (D:10)
  6 hydras
  A centaur warrior (D:13)
  A boulder beetle (D:12)
  4 two-headed ogres
  Amaemon (D:10)
  A skyshark (Lair:3)
  4 ugly things
  A cyclops (D:12)
  A manticore (D:12)
  8 slime creatures (D:12)
  2 black mambas
  An orange demon (D:10)
  5 elephants (Lair:2)
  9 cane toads
  A gargoyle (D:12)
  2 rime drakes
  An unseen horror (D:12)
  An efreet (D:13)
  4 komodo dragons
  A freezing wraith (D:10)
  5 polar bears (Lair:1)
  3 meliai (D:12)
  4 trolls
  Grinder (D:4)
  5 blink frogs (Lair:1)
  3 shadows
  2 wraiths
  3 wyverns
  3 basilisks
  2 steam dragons
  25 yaks
  Menkaure (D:6)
  3 nagas (Lair:3)
  5 acid dragons
  Duvessa (D:5)
  9 water moccasins
  3 ice beasts
  A sky beast (D:6)
  3 orc warriors
  11 black bears
  7 centaurs
  An ogre (D:5)
  2 phantoms
  2 kobold brigands
  5 bullfrogs
  A gnoll sergeant (D:9)
  2 scorpions (D:6)
  6 wights
  Dowan (D:5)
  5 killer bees (D:10)
  5 electric eels
  7 howler monkeys
  2 sleepcaps
  A hound (D:5)
  A jelly (D:6)
  5 orc priests
  Crazy Yiuf (D:7)
  Ijyb (D:3)
  7 iguanas
  An orc wizard (D:11)
  Natasha (thrice) (D:3)
  12 adders
  17 gnolls
  5 river rats
  A shadow imp (D:7)
  2 white imps
  3 ufetubi
  6 worms
  3 dart slugs
  17 orcs
  15 ball pythons
  8 endoplasms
  3 giant cockroaches
  4 goblins
  5 hobgoblins
  4 jackals (D:4)
  6 quokkas
  6 bats
  3 frilled lizards (Sewer)
  20 kobolds
  33 rats
389 creatures vanquished.

Vanquished Creatures (others)
  6 fungi
  14 plants
  A withered plant (D:8)
21 creatures vanquished.

Grand Total: 410 creatures vanquished

Notes
Turn   | Place    | Note
-------+----------+-------------------------------------------
     0 | D:1      | LLlMATKO the Minotaur Berserker began the quest for the
                  | Orb.
     0 | D:1      | Reached XP level 1. HP: 19/19 MP: 0/0
   219 | D:1      | Reached XP level 2. HP: 13/27 MP: 1/1
   777 | D:2      | Reached ** piety under Trog
   880 | D:2      | Reached XP level 3. HP: 32/33 MP: 2/2
  1790 | D:3      | Noticed Ijyb
  1806 | D:3      | Killed Ijyb
  1807 | D:3      | Reached XP level 4. HP: 22/41 MP: 3/3
  1922 | D:3      | Noticed Natasha
  1931 | D:3      | Killed Natasha
  1952 | D:3      | Noticed a centaur
  1959 | D:3      | Killed a centaur
  1960 | D:3      | Reached XP level 5. HP: 40/47 MP: 4/4
  2033 | D:3      | Noticed Natasha
  2040 | D:3      | Killed Natasha
  2049 | D:3      | Noticed Natasha
  2058 | D:3      | Killed Natasha
  2059 | D:3      | Reached skill level 5 in Fighting
  2059 | D:3      | Reached skill level 5 in Axes
  2175 | D:3      | Found Zehutiack's General Store.
  2227 | D:3      | Found a faded altar of an unknown god.
  2493 | D:4      | Reached XP level 6. HP: 44/56 MP: 5/5
  2576 | D:4      | Found a glowing drain.
  2588 | Sewer    | Entered a sewer
  2681 | Sewer    | Reached *** piety under Trog
  2875 | Sewer    | Reached skill level 5 in Armour
  2875 | Sewer    | Reached XP level 7. HP: 38/62 MP: 6/6
  3015 | D:4      | Reached **** piety under Trog
  3230 | D:4      | Noticed Grinder
  3237 | D:4      | Killed Grinder
  3238 | D:4      | Reached skill level 5 in Dodging
  4050 | D:5      | Entered Level 5 of the Dungeon
  4089 | D:5      | Noticed Dowan
  4090 | D:5      | Noticed Duvessa
  4093 | D:5      | Killed Dowan
  4102 | D:5      | Killed Duvessa
  4103 | D:5      | Reached XP level 8. HP: 59/71 MP: 7/7
  4424 | D:5      | Found a staircase to the Ecumenical Temple.
  4543 | D:5      | Reached skill level 1 in Shields
  4906 | D:6      | Reached XP level 9. HP: 64/80 MP: 8/8
  4983 | D:6      | Found a runed translucent gate.
  4983 | D:6      | Found a runed translucent gate.
  4983 | D:6      | Found a runed translucent gate.
  4984 | D:6      | Noticed Sapher's ghost (weakling SpDe)
  5020 | D:6      | Found a basalt altar of Yredelemnul.
  5119 | D:6      | Reached ***** piety under Trog
  5370 | D:6      | Noticed Menkaure
  5375 | D:6      | Killed Menkaure
  5640 | D:6      | Found a shimmering blue altar of Sif Muna.
  5759 | D:6      | Found a glowing golden altar of the Shining One.
  6256 | D:7      | Found a runed translucent door.
  6257 | D:7      | Noticed Crazy Yiuf
  6339 | D:7      | Identified the +4 short sword "LLlMATKO's Foe" {drain,
                  | Fragile rPois Str+2}
  6447 | D:7      | Killed Crazy Yiuf
  6875 | D:8      | Found Veleivey's General Store.
  6914 | D:8      | Found a staircase to the Lair.
  7007 | D:8      | Noticed a troll
  7014 | D:8      | Killed a troll
  7014 | D:8      | Identified the +5 battleaxe "Uqinly" {flame, rElec Dex+3}
                  | (Trog gifted it to you on level 8 of the Dungeon)
  7014 | D:8      | Received a gift from Trog
  7015 | D:8      | Reached skill level 5 in Shields
  7015 | D:8      | Reached XP level 10. HP: 63/91 MP: 6/9
  7098 | D:8      | Found a blossoming altar of Fedhas.
  7101 | D:8      | Found an ancient bone altar of Kikubaaqudgha.
  7274 | D:9      | Found a transporter.
  7277 | D:9      | Noticed Sapher's ghost (weakling SpDe)
  7277 | D:9      | Noticed a boulder beetle
  7282 | D:9      | Noticed a two-headed ogre
  7289 | D:9      | Found a transporter.
  7354 | D:9      | Noticed a two-headed ogre
  7365 | D:9      | Killed a two-headed ogre
  7382 | D:9      | Noticed an entropy weaver
  7402 | D:9      | an entropy weaver changed into a komodo dragon
  7431 | D:9      | a komodo dragon changed into a mana viper
  7431 | D:9      | Noticed a mana viper (shapeshifter)
  7438 | D:9      | a mana viper changed into a sea snake
  7438 | D:9      | Noticed a sea snake (shapeshifter)
  7960 | D:9      | Found a staircase to the Orcish Mines.
  8046 | D:9      | Found a sparkling altar of Nemelex Xobeh.
  8135 | D:9      | Noticed a swamp dragon
  8268 | D:10     | Entered Level 10 of the Dungeon
  8270 | D:10     | Noticed Fannar
  8290 | D:10     | Killed Fannar
  8291 | D:10     | Reached skill level 10 in Axes
  8430 | D:10     | Reached skill level 10 in Fighting
  9102 | D:10     | Found a burning altar of Makhleb.
  9102 | D:10     | Noticed a green death
  9105 | D:10     | Noticed an orange demon
  9318 | D:10     | Reached XP level 11. HP: 99/100 MP: 10/10
  9459 | D:10     | Noticed Amaemon
  9467 | D:10     | Reached skill level 10 in Armour
  9866 | D:10     | Killed Amaemon
 10126 | D:10     | Found a burning altar of Makhleb.
 10303 | D:10     | Found a glowing silver altar of Zin.
 10405 | D:11     | Noticed a two-headed ogre
 10417 | D:11     | Killed a two-headed ogre
 10643 | D:11     | Noticed a two-headed ogre
 10651 | D:11     | Killed a two-headed ogre
 10892 | D:11     | Found a runed translucent gate.
 10892 | D:11     | Found a runed translucent gate.
 10892 | D:11     | Found a runed translucent gate.
 11080 | D:11     | Noticed enotiy's ghost (journeyman GrFi)
 11569 | D:12     | Noticed a brown ugly thing
 11578 | D:12     | Killed a brown ugly thing
 11625 | D:11     | Identified 2 scrolls of acquirement
 11625 | D:11     | Acquired the +1 hat of the Sparrow {Slay+5}
 11632 | D:11     | Acquired 784 gold pieces
 11816 | D:12     | Reached skill level 10 in Dodging
 12030 | D:12     | Found Uhaofi's Distillery.
 12053 | D:12     | Noticed a two-headed ogre
 12062 | D:12     | Killed a two-headed ogre
 12421 | D:12     | Noticed a boulder beetle
 12447 | D:12     | Killed a boulder beetle
 12448 | D:12     | Reached XP level 12. HP: 98/110 MP: 8/11
 12750 | D:12     | Noticed Snorg
 12767 | D:12     | Killed Snorg
 13778 | D:13     | Noticed a centaur warrior
 13782 | D:13     | Killed a centaur warrior
 14035 | Lair:1   | Entered Level 1 of the Lair of Beasts
 14035 | Lair:1   | Found a snail-covered altar of Cheibriados.
 14083 | Lair:1   | Reached skill level 10 in Shields
 14897 | Lair:1   | Noticed a five-headed hydra
 14899 | Lair:1   | Reached XP level 13. HP: 119/119 MP: 12/12
 16613 | Lair:3   | Found a staircase to the Snake Pit.
 16680 | Lair:3   | Received a gift from Trog
 17043 | Lair:3   | Identified the +2 scimitar "Zumise Vemoo" {drain, Int+5}
 17109 | Lair:3   | Found a staircase to the Swamp.
 17540 | Lair:4   | Found a viscous altar of Jiyva.
 17541 | Lair:4   | Found a staircase to the Slime Pits.
 17550 | Lair:4   | Killed from afar by an oklob plant

Illustrated notes

Levels and vault maps discovered:
D:1:      dpeg_arrival_circle_labyrinth_b, layout_basic, corexii_hall_statues_x
D:2:      layout_loops_corners
D:3:      layout_basic, serial_shops, shop,
          ebering_ecumenical_altar_sacrificial, minmay_diced_spiral,
          uniq_natasha, uniq_ijyb
D:4:      layout_basic, gup_sewer_entry_bubbles, minmay_between, uniq_grinder
D:5:      layout_loops_ring, temple_fountains, minmay_fractal_squares_gapless_5,
          uniq_duvessa
D:6:      minmay_inner_zag, layout_cave_pools, yredelemnul_altar_generic,
          tso_oasis_becter, mainiacjoe_overflow_alcove_4,
          gammafunk_ghost_necromancy, uniq_menkaure
D:7:      layout_rooms, serial_glass, glass_columns_a, glass_columns_a,
          glass_columns_a, glass_columns_b, glass_columns_b, glass_columns_b,
          uniq_crazy_yiuf_cottage
D:8:      layout_gridville, grunt_temple_overflow_growth_and_decay,
          lair_entry_dummy, serial_shops, nicolae_take_the_stairs
D:9:      layout_roguey, nemelex_diamond_rough_becter, orc_0_dummy,
          gammafunk_ghost_arena, amcnicky_mini_pool_medium
D:10:     layout_roguey, makhleb_altar_promises_db, zin_academy,
          kennysheep_generic_room_2, uniq_amaemon, uniq_fannar
D:11:     layout_roguey, gammafunk_ghost_icy
D:12:     layout_stronghold, minmay_shop_grid_forest, uniq_snorg
D:13:     layout_rooms, dreamdust_wishing_well
Lair:1:   beast_lair_carwin_large_1, layout_small_grid, basic_altar,
          pdpol_lair_cavern_descent
Lair:2:   layout_cellular_growth, chequers_serial_rivers_micro_c,
          patterned_corridor, grunt_megastairs_2
Lair:3:   layout_chaotic_city, swamp_mist_pool,
          minmay_snake_entry_guardpost_small
Lair:4:   layout_cellular_growth, minmay_slime_entry_oklob_open,
          serial_bayou_crossing, serial_bayou_shore_a

Skill      XL: |  1  2  3  4  5  6  7  8  9 10 11 12 13 |
---------------+----------------------------------------+-----
Fighting       | 4 5 6 7 9 10 11 12 13 | 13.5
Axes           | 4 5 6 7 9 10 11 12 13 | 13.5
Armour         | 3 4 5 6 7 8 9 11 12 13 | 13.2
Dodging        | 3 4 5 6 7 9 10 11 12 | 12.2
Shields        | 2 5 7 8 10 11 | 11.4

Action                     |  1- 3 |  4- 6 |  7- 9 | 10-12 | 13-15 || total
---------------------------+-------+-------+-------+-------+-------++-------
  Melee: Hand axe          |    85 |    28 |       |       |     2 ||   115
         Headbutt          |     8 |    17 |    39 |    91 |    21 ||   176
         War axe           |       |    91 |   246 |   385 |       ||   722
         Punch             |       |       |     1 |       |       ||     1
         Battleaxe         |       |       |       |    51 |    76 ||   127
  Throw: Dart              |       |     9 |       |     5 |       ||    14
 Invoke: Berserk           |     1 |     1 |     7 |    11 |     3 ||    23
         Brothers in Arms  |       |       |       |     1 |       ||     1
  Evoke: Wand              |       |       |       |       |     2 ||     2
    Use: Scroll            |       |     4 |     4 |     9 |       ||    17
         Potion            |       |       |       |     2 |       ||     2
   Stab: Sleeping          |     1 |       |       |       |       ||     1
 Armour: Animal skin       |     5 |       |       |       |       ||     5
         Chain mail        |     9 |    99 |    91 |       |       ||   199
         Plate armour      |       |       |    58 |   260 |    65 ||   383
  Dodge: Dodged            |    50 |    95 |   149 |   186 |    70 ||   550
  Block: Kite shield       |       |       |    66 |   201 |     1 ||   268
